AoeStats
← Bert > Ernie

Arena

509951174Analyzed
1v1 RM · 4d ago on Sep 28, 2026· 37m 59s· 2 players
Game mode
Random Map
Map size
Tiny (2 player)
Population
200
Speed
Normal
Resources
Standard
Victory
Conquest
Starting age
Dark Age
Ending age
Imperial Age
RankedLock teamsTeams togetherTeam positionsShared explorationLock speedFull tech treeHidden civsTurbo modeCheats
Victory
Defeat
🇷🇺 Goths · Russia
1034
+14
🇨🇦 Danes · Canada
999
-14
Bert > Ernie
11:02 Feudal Age
15:15 Castle Age
13:08 Double-Bit Axe
13:44 Horse Collar
20:32 Wheelbarrow
20:24 Bow Saw
22:39 Loom
26:01 Heavy Plow
29:40 Imperial Age
27:06 Gold Mining
28:09 Gambesons
28:26 Scale Mail Armor
28:37 Forging
28:18 Fletching
29:36 Chain Mail Armor
29:13 Arson
29:16 Hamask
30:01 Capped Ram
31:06 Squires
31:40 Plate Mail Armor
32:01 Ballistics
31:52 Masonry
33:33 Hand Cart
32:53 Elite Jomsviking
34:51 Hoardings
35:02 Iron Casting
34:18 Fletching
36:47 Bloodlines
35:58 Light Cavalry
36:40 Bodkin Arrow
37:46 Blast Furnace
36:52 Scale Barding Armor
37:32 Guard Tower
38:42 Chemistry
37:54 Masonry
37:43 Murder Holes
38:11 Arrowslits
Spamer
5:10 Loom
11:35 Feudal Age
15:31 Castle Age
13:46 Double-Bit Axe
13:50 Horse Collar
19:15 Bow Saw
19:16 Heavy Plow
26:12 Gold Mining
30:53 Imperial Age
28:59 Wheelbarrow
28:10 Town Watch
28:52 Forging
28:47 Scale Mail Armor
28:52 Stone Mining
29:20 Anarchy
28:51 Pikeman
29:53 Squires
29:14 Man-at-Arms
30:34 Iron Casting
30:33 Chain Mail Armor
30:37 Long Swordsman
32:08 Conscription
31:49 Perfusion
32:10 Guilds
31:22 Two-Handed Swordsman
32:02 Champion
35:14 Blast Furnace
33:44 Halberdier
35:47 Two-Man Saw
35:32 Crop Rotation
36:57 Elite Huskarl
Connection lost

Rejoining the realm…

Still unreachable

The connection could not be restored.

Session expired

The server has moved on; the page needs a fresh start.